 Seeded DCSS version 0.30.1-4-g462c640d31 (webtiles) character file.

Game seed: 6351066067085065685 (custom seed)

27 Esekla the Grave Robber (level 2, 0/15 HPs)
             Began as a Deep Elf Necromancer on Aug 25, 2023.
             Was an Initiate of Vehumet.
             Constricted to death by a ball python (1 damage)
             ... on level 1 of the Dungeon.
             The game lasted 00:10:35 (1304 turns).

Esekla the Grave Robber (Deep Elf Necromancer)      Turns: 1304, Time: 00:10:36

Health: 0/15       AC:  3    Str:  5    XL:     2   Next: 93%
Magic:  8/8        EV: 10    Int: 19    God:    Vehumet [......]
Gold:   132        SH:  0    Dex: 15    Spells: 6/7 levels left

rFire   . . .        a - +1 short sword (freeze)
rCold   . . .        (no shield)
rNeg    . . .        c - +0 robe
rPois   .            (no helmet)
rElec   .            (no cloak)
rCorr   .            i - +0 pair of gloves
SInv    .            (no boots)
Will    .....        (no amulet)
Stlth   +            (no ring)
HPRegen 0.22/turn    (no ring)
MPRegen 0.11/turn

%: no passive effects
@: confused, ambrosia-drunk, attractive, constricted
A: no striking features
a: Renounce Religion


You were on level 1 of the Dungeon.
You worshipped Vehumet.
Vehumet was noncommittal.
You visited 1 branch of the dungeon, and saw 4 of its levels.

You collected 132 gold pieces.

Inventory:

Hand Weapons
 a - a +1 short sword of freezing (weapon)
 s - the +5 rapier of the Hero {heavy, rN+ Dex+3}
   (You found it on level 3 of the Dungeon)

   Dex:       It affects your dexterity (+3).
   rN:        It protects you from negative energy.
Armour
 c - a +0 robe (worn)
 i - a +0 pair of gloves (worn)
Wands
 p - a wand of roots (8)
Scrolls
 f - 3 scrolls of identify {unknown}
 k - 2 scrolls of enchant weapon {unknown}
 l - a scroll of amnesia {unknown}
 m - a scroll of enchant armour {unknown}
 n - a scroll of immolation {unknown}
 o - a scroll of blinking {unknown}
Potions
 b - a potion of magic
 e - a potion of attraction
 g - a potion of haste {unknown}
 h - a potion of curing {unknown}
 j - a potion of mutation {unknown}


   Skills:
 + Level 0.4 Short Blades
 * Level 2.9 Dodging
 + Level 2.7 Stealth
 * Level 3.2 Spellcasting
 + Level 5.4 Necromancy


You had 6 spell levels left.
You knew the following spells:

 Your Spells              Type           Power      Damage    Failure   Level
a - Necrotise             Necr           92%        1d8       1%          1

Your spell library contained the following spells:

 Spells                   Type           Power      Damage    Failure   Level
 Vampiric Draining        Necr           23%        2d7       4%          3
 Animate Dead             Necr           23%        N/A       16%         4
 Agony                    Necr           23%        N/A       41%         5


Dungeon Overview and Level Annotations

Branches:
Dungeon (4/15)
 Temple: D:4-7

Altars:
Okawaru
Vehumet
Zin

Shops:
D:2 =   D:4 (


Message History

The ball python misses you. The ball python closely misses you.
You barely miss the ball python. The bat misses you.
The goblin completely misses you. The ball python barely misses you.
The ball python grabs you. The ball python constricts you.
You barely miss the ball python. The ball python closely misses you.
The ball python constricts you. The goblin hits you with a +0 club.
You barely miss the ball python. The bat barely misses you.
The ball python barely misses you. The ball python constricts you.
The goblin barely misses you. The frilled lizard closely misses you.
The ball python barely misses you. The ball python constricts you.
You escape the ball python's grasp.
The bat hits you but does no damage. The frilled lizard bites you.
The bat barely misses you.
You closely miss the frilled lizard. The bat misses you. The goblin misses you.
The frilled lizard bites you but does no damage.
The goblin attacks as you move away! The goblin hits you with a +0 club.
Found 4 stones.
The frilled lizard misses you.
It was a potion of attraction.
You feel attractive to monsters. The goblin hits you with a +0 club.
* * * LOW HITPOINT WARNING * * *
The frilled lizard bites you but does no damage.
The ball python is attracted toward you.
You barely miss the ball python.
The ball python hisses angrily.
The ball python closely misses you. x2; The goblin barely misses you.
The frilled lizard misses you.
It was a potion of ambrosia.
You are confused.
You feel invigorated. The ball python closely misses you.
The ball python grabs you. The ball python constricts you.
The goblin barely misses you.
The frilled lizard bites you but does no damage.
The ball python closely misses you. The ball python constricts you.
You're too confused to move!
The goblin hits you with a +0 club. The frilled lizard bites you.
* * * LOW HITPOINT WARNING * * *
The ball python bites you.
* * * LOW HITPOINT WARNING * * *
The ball python constricts you.
You die...

#.... ##### ..... #....
...# #.... #..# #....
#..# ####+###.### #..#
#......J.#
#Sb####......###
#gl#.....##..#####
####@.......#........
..(....S.........#.#####
.........#.###..S...##
.#####.......#.#.....###
###.......#.......#
......##...#....##..
#########.[.....####
##!........J #.#.....###


You could see a goblin, a bat, 2 ball pythons and a frilled lizard.

Vanquished Creatures
  An adder (D:2)
  A dart slug (D:3)
  An endoplasm (D:3)
  3 goblins
  2 hobgoblins (D:3)
  2 ball pythons
  2 bats (D:3)
  2 frilled lizards
  3 kobolds
17 creatures vanquished.

Notes
Turn   | Place    | Note
-------+----------+-------------------------------------------
     0 | D:1      | Esekla the Deep Elf Necromancer began the quest for the
                  | Orb.
     0 | D:1      | Reached XP level 1. HP: 10/10 MP: 6/6
   270 | D:2      | Noticed a black bear
   334 | D:2      | Found Renulab's Jewellery Shop.
   465 | D:4      | Found a radiant altar of Vehumet.
   469 | D:4      | Became a worshipper of Vehumet
   569 | D:4      | Found an iron altar of Okawaru.
   580 | D:4      | Found a glowing silver altar of Zin.
   709 | D:4      | Found Ponaysk's Antique Weapon Boutique.
   825 | D:3      | Reached skill level 5 in Necromancy
   875 | D:3      | Reached XP level 2. HP: 12/15 MP: 8/8
  1162 | D:3      | Identified the +5 rapier of the Hero {heavy, rN+ Dex+3}
  1304 | D:1      | Constricted to death by a ball python

Illustrated notes

Levels and vault maps discovered:
D:1:      sevenhm_arrival_forest_fort_small_3, layout_rooms,
          chequers_serial_rivers_room_b, minmay_misc_feat_five
D:2:      layout_loops_ring, dreamdust_ecumenical_altar_angels_and_demons,
          serial_shops, shop
D:3:      layout_basic, grunt_temple_overflow_open, minmay_misc_feat_iff
D:4:      layout_basic, nicolae_overflow_quartered_altars, serial_shops,
          nicolae_diamond_shop

Skill      XL: |  1 |
---------------+----+-----
Necromancy     | 5 |  5.4
Short Blades   | |  0.4
Dodging        | |  2.9
Stealth        | |  2.7
Spellcasting   | |  3.2

Action                     || total
---------------------------++-------
  Melee: Short sword       ||    42
         Unarmed           ||     9
         Punch             ||     1
    Use: Scroll            ||     1
         Potion            ||     2
   Stab: Sleeping          ||     1
 Armour: Robe              ||    13
  Dodge: Dodged            ||    75
